 Dungeon Crawl Stone Soup version 0.26.1-11-gd32895ea62 (webtiles) character file.

Game seed: 17783430310944366661

374 Zeld the Gusty (level 6, -9/35 HPs)
             Began as a Tengu Air Elementalist on Sept 10, 2021.
             Killed by divine providence
             ... invoked by an orc priest
              (16 damage)
             ... on level 5 of the Dungeon.
             The game lasted 00:04:39 (4238 turns).

Zeld the Gusty (Tengu Air Elementalist)             Turns: 4238, Time: 00:04:39

Health: -9/35      AC:  3    Str:  9    XL:     6   Next: 72%
Magic:  12/12      EV: 13    Int: 17    God:
Gold:   152        SH:  4    Dex: 14    Spells: 4/12 levels left

rFire    . . .     SeeInvis .   (no weapon)
rCold    . . .     Faith    .   i - +0 buckler
rNeg     . . .     Spirit   .   a - +0 robe
rPois    .         Reflect  .   (helmet restricted)
rElec    .         Harm     .   h - +0 cloak
rCorr    .         Rampage  .   (no gloves)
Will     .....                  (boots unavailable)
Stlth    ++........             (no amulet)
HPRegen  0.11/turn              (no ring)
MPRegen  0.13/turn              (no ring)

@: no status effects
A: beak, talons 3, able to fly
a: Fly


You were on level 5 of the Dungeon.
You visited 1 branch of the dungeon, and saw 5 of its levels.

You collected 152 gold pieces.

Inventory:

Armour
 a - a +0 robe (worn)
 h - a +0 cloak (worn)
 i - a +0 buckler (worn)
Jewellery
 c - an uncursed ring of willpower {unknown}
 g - an uncursed ring of flight {unknown}
 m - an uncursed ring of positive energy {unknown}
Scrolls
 d - 2 scrolls of enchant weapon {unknown}
 f - 3 scrolls of remove curse {unknown}
 k - a scroll of enchant armour {unknown}
 l - a scroll of identify {unknown}
Potions
 b - a potion of mutation {unknown}
 e - a potion of berserk rage {unknown}
 j - a potion of flight {unknown}


   Skills:
 + Level 1.8 Fighting
 + Level 2.1 Armour
 + Level 3.2 Dodging
 - Level 2.0 Stealth
 + Level 1.4 Shields
 * Level 3.5 Spellcasting
 + Level 3.1 Conjurations
 * Level 5.8 Air Magic


You had 4 spell levels left.
You knew the following spells:

 Your Spells              Type           Power        Failure   Level
a - Shock                 Conj/Air       72%          3%          1
b - Static Discharge      Conj/Air       18%          11%         3
c - Airstrike             Air            11%          21%         4

Your spell library contained the following spells:

 Spells                   Type           Power        Failure   Level
 Swiftness                Air            22%          3%          2
 Lightning Bolt           Conj/Air       9%           69%         5


Dungeon Overview and Level Annotations

Branches:
Dungeon (6/15)
 Temple: D:4-7

Altars:
Elyvilon
Trog
Zin


Innate Abilities, Weirdness & Mutations

You have a beak for a mouth.
You have claws for feet.
You can fly continuously.


Message History

Magic restored.
You start resting.
HP restored.
You start waiting.
Done waiting.
Unknown command.
There are no items here.
You climb upwards.
A scorpion comes into view.
The orc hits you with a +3 morningstar! The orc hits you with a +0 mace!
You block the orc's attack.
The centaur shoots an arrow.
The arrow hits you. You block the orc's attack. The orc closely misses you.
There is a stone staircase leading down, spattered with blood here.
You see here 3 arrows.
The centaur shoots an arrow.
The arrow hits you.
* * * LOW HITPOINT WARNING * * *
The orc closely misses you.
The orc priest invokes the aid of Beogh against you.
Beogh smites you!
You die...

######.
########.......
......5(.......
#...oo@o......
#....o.o......
#......cs.....
+..o..........
#.............
#.............
#.>..<........
#.............


You could see a centaur, a scorpion, an orc priest, an orc wizard, a white imp
and 4 orcs.

Vanquished Creatures
  Sigmund (D:2)
  A phantom (D:6)
  A bullfrog zombie (D:6)
  3 gnolls (D:3)
  An adder (D:3)
  A worm (D:3)
  A dart slug (D:1)
  2 leopard geckos (D:1)
  2 orcs (D:3)
  A giant cockroach (D:6)
  7 goblins
  4 hobgoblins
  7 jackals
  2 ball pythons (D:1)
  4 bats
  11 frilled lizards
  3 kobolds (D:1)
  5 rats
57 creatures vanquished.

Notes
Turn   | Place    | Note
-------+----------+-------------------------------------------
     0 | D:1      | Zeld the Tengu Air Elementalist began the quest for the
                  | Orb.
     0 | D:1      | Reached XP level 1. HP: 10/10 MP: 4/4
   194 | D:1      | Reached XP level 2. HP: 15/15 MP: 4/6
   767 | D:1      | Reached XP level 3. HP: 20/20 MP: 5/7
   771 | D:1      | Learned a level 3 spell: Static Discharge
  1384 | D:2      | Found a glowing silver altar of Zin.
  1589 | D:2      | Reached skill level 1 in Armour
  1691 | D:2      | Noticed Sigmund
  1941 | D:2      | Killed Sigmund
  1942 | D:2      | Reached skill level 1 in Fighting
  1942 | D:2      | Reached skill level 1 in Shields
  1942 | D:2      | Reached skill level 5 in Air Magic
  1942 | D:2      | Reached XP level 4. HP: 19/25 MP: 0/9
  1942 | D:2      | Gained mutation: You can fly continuously. [Tengu growth]
  1942 | D:2      | Reached XP level 5. HP: 22/29 MP: 0/10
  1948 | D:2      | Learned a level 4 spell: Airstrike
  2102 | D:2      | Found a bloodstained altar of Trog.
  2466 | D:3      | Reached XP level 6. HP: 34/34 MP: 1/11
  3248 | D:3      | You fall into a shaft and drop 3 floors!
  3249 | D:6      | Found a white marble altar of Elyvilon.
  3501 | D:6      | Noticed a phantom
  3557 | D:6      | Killed a phantom
  3913 | D:5      | Entered Level 5 of the Dungeon
  4238 | D:5      | Killed from afar by an orc priest

Illustrated notes

Levels and vault maps discovered:
D:1:      amcnicky_arrival_feature_with_door, layout_loops_ring,
          grunt_decor_resistance
D:2:      layout_rooms, nicolae_overflow_hidden_temple, bloody_trog,
          uniq_sigmund
D:3:      layout_basic
D:5:      layout_rooms, kennysheep_little_box, doesnt_shop_hydraphobe
D:6:      layout_basic, lemuel_crystal_altar, lemuel_crystal_altar,
          nicolae_qazlal_style_of_elements

Skill      XL: |  1  2  3  4  5  6 |
---------------+-------------------+-----
Armour         | 1 2 |  2.1
Fighting       | 1 |  1.8
Dodging        | 3 |  3.2
Shields        | 1 |  1.4
Spellcasting   | 3 |  3.5
Conjurations   | 2 3 |  3.1
Air Magic      | 5 |  5.8
Stealth        | |  2.0

Action                   |  1- 3 |  4- 6 || total
-------------------------+-------+-------++-------
Melee: Unarmed           |    10 |    10 ||    20
       Peck              |     1 |     1 ||     2
       Kick              |     1 |     1 ||     2
 Cast: Shock             |    88 |    79 ||   167
Armor: Robe              |     3 |     4 ||     7
Dodge: Dodged            |    13 |    16 ||    29
Block: Buckler           |     1 |     9 ||    10
